 Dungeon Crawl Stone Soup version 0.27-a0-1144-g0b7d3b79db (webtiles) character file.

Game seed: 18270164469034819953

222 kae the Slasher (level 5, 0/43 HPs)
             Began as a Demonspawn Abyssal Knight on May 10, 2021.
             Was a Believer of Lugonu.
             Succumbed to a scorpion's poison
             ... on level 5 of the Dungeon.
             The game lasted 00:01:46 (3492 turns).

kae the Slasher (Demonspawn Abyssal Knight)         Turns: 3492, Time: 00:01:47

Health: 0/43       AC:  5    Str: 13    XL:     5   Next: 66%
Magic:  6/6        EV: 12    Int: 13    God:    Lugonu [**....]
Gold:   86         SH:  0    Dex: 13    Spells: 4/4 levels left

rFire    . . .     SeeInvis .   a - +2 falchion
rCold    . . .     Faith    .   (no shield)
rNeg     . . .     Spirit   .   e - +0 ring mail
rPois    .         Reflect  .   (no helmet)
rElec    .         Harm     .   (no cloak)
rCorr    .         Rampage  .   (no gloves)
Will     .....                  (no boots)
Stlth    +.........             c - amulet of magic regeneration
HPRegen  0.14/turn              (no ring)
MPRegen  0.35/turn              (no ring)

@: lethally poisoned (0 -> -12)
A: repulsion field 1, demonic guardian 1
a: Renounce Religion, Depart the Abyss, Bend Space


You were on level 5 of the Dungeon.
You worshipped Lugonu.
Lugonu was pleased with you.
You visited 1 branch of the dungeon, and saw 4 of its levels.
You visited the Abyss 1 time.

You collected 86 gold pieces.

Inventory:

Hand Weapons
 a - a +2 falchion (weapon)
Armour
 e - a +0 ring mail (worn)
Jewellery
 c - an amulet of magic regeneration (around neck)
 j - a +4 ring of evasion
 l - an amulet of guardian spirit
Scrolls
 g - a scroll of identify
Potions
 d - a potion of attraction


   Skills:
 + Level 4.4 Fighting
 * Level 4.6 Long Blades
 - Level 1.7 Armour
 - Level 0.8 Dodging
 - Level 2.4 Invocations


You had 4 spell levels left.
You didn't know any spells.
Your spell library contained the following spells:

 Spells                   Type           Power      Damage    Failure   Level
 Freeze                   Ice            0%         1d3       54%         1
 Frozen Ramparts          Ice            0%         1d2       89%         3
 Ozocubu's Armour         Ice            0%         N/A       89%         3
 Hailstorm                Conj/Ice       0%         3d3       100%        4
 Metabolic Englaciation   Hex/Ice        0%         N/A       100%        5


Dungeon Overview and Level Annotations

Branches:
Dungeon (3/15)

Altars:


Innate Abilities, Weirdness & Mutations

You are surrounded by a mild repulsion field. (EV +2)
A weak demonic guardian rushes to your aid.


Message History

You feel very sick. The scorpion closely misses you.
You are too confused!
You barely miss the scorpion.
The scorpion is lightly wounded.
You feel very sick. The scorpion stings you! The scorpion stings you.
You're too confused to move!
You feel very sick. The scorpion stings you.
You're too confused to move!
You feel sick. The scorpion stings you.
* * * LOW HITPOINT WARNING * * *
You feel less invigorated.
You feel less confused.
You feel sick. The scorpion misses you.
You hit the scorpion.
The scorpion is lightly wounded.
You feel sick. The scorpion stings you.
* * * LOW HITPOINT WARNING * * *
A demonic guardian appears!
You hit the scorpion but do no damage.
The scorpion is lightly wounded.
You feel sick. The scorpion closely misses you.
Your quasit barely misses the scorpion. x2
Your quasit closely misses the scorpion.
The scorpion barely misses you.
As you read the scroll labelled LOUNUDOSAS, it crumbles to dust.
It is a scroll of enchant weapon.
Your +1 falchion glows red for a moment.
You feel sick.
Your quasit closely misses the scorpion.
Your quasit claws the scorpion.
Your quasit closely misses the scorpion.
The scorpion stings you.
* * * LOW HITPOINT WARNING * * *
You are more poisoned.
The scorpion poisons you!
You hit the scorpion.
The scorpion is heavily wounded.
You die...

#..... #.....
#..... #.....
#.....
#.....#########
#s@...=...
#5######## #.#
#.# #.# #.# #.#
#####.# #.....#


You could see a scorpion (ally target) and a friendly quasit (summoned).

Vanquished Creatures
  A phantom (D:2)
  A hound (D:2)
  4 gnolls
  3 adders
  2 worms (D:3)
  3 dart slugs
  5 bats
  4 endoplasms
  2 giant cockroaches
  2 goblins
  6 hobgoblins
  3 jackals (D:1)
  3 quokkas
  5 ball pythons
  2 frilled lizards
  2 kobolds (D:1)
  5 rats
53 creatures vanquished.

Vanquished Creatures (collateral kills)
  A kobold (D:3)
1 creature vanquished.

Grand Total: 54 creatures vanquished

Notes
Turn   | Place    | Note
-------+----------+-------------------------------------------
     0 | Abyss:1  | kae the Demonspawn Abyssal Knight began the quest for the
                  | Orb.
     0 | Abyss:1  | Reached XP level 1. HP: 18/18 MP: 2/2
     8 | Abyss:1  | Found a corrupted altar of Lugonu.
    17 | D:1      | Escaped the Abyss
   369 | D:1      | Gained mutation: You are surrounded by a mild repulsion
                  | field. (EV +2) [demonic ancestry]
   369 | D:1      | Reached XP level 2. HP: 20/24 MP: 3/3
   825 | D:2      | Gained mutation: A weak demonic guardian rushes to your
                  | aid. [demonic ancestry]
   825 | D:2      | Reached XP level 3. HP: 27/29 MP: 4/4
  1229 | D:2      | Reached ** piety under Lugonu
  2029 | D:3      | Reached XP level 4. HP: 25/37 MP: 5/5
  2130 | D:3      | Noticed a phantom
  2306 | D:2      | Killed a phantom
  2307 | D:2      | Reached XP level 5. HP: 13/42 MP: 6/6
  3465 | D:3      | You fall into a shaft and drop 2 floors!
  3465 | D:5      | Entered Level 5 of the Dungeon
  3491 | D:5      | HP: 2/43 [scorpion (3)]
  3492 | D:5      | Succumbed to a scorpion's poison

Illustrated notes

Levels and vault maps discovered:
D:1:      dpeg_arrival_stone_temple_mockup, layout_rooms
D:2:      layout_loops_corners
D:3:      layout_rooms, lemuel_another_geyser
D:5:      layout_basic, uniq_grinder

Skill      XL: |  1  2  3  4 |
---------------+-------------+-----
Long Blades    | 2 3 4 |  4.6
Fighting       | 4 |  4.4
Armour         | |  1.7
Dodging        | |  0.8
Invocations    | |  2.4

Action                   |  1- 3 |  4- 6 || total
-------------------------+-------+-------++-------
Melee: Falchion          |    98 |   107 ||   205
  Use: Scroll            |     6 |     1 ||     7
       Potion            |       |     2 ||     2
 Stab: Distracted        |       |     1 ||     1
Armor: Leather armour    |     6 |       ||     6
       Ring mail         |    36 |    25 ||    61
Dodge: Dodged            |    70 |    70 ||   140
       Rpst.: Falchion   |    24 |    15 ||    39

Table legend: (Time is in decaauts)
 A = Elapsed time spent in this place.
 B = Non-inter-level travel time spent in this place.
 C = Inter-level travel time spent in this place.
 D = Time resting spent in this place.
 E = Time spent auto-exploring this place.
 F = Levels seen in this place.
 G = Mean time per level.
                   A        B        C        D        E       F      G
               +--------+--------+--------+--------+--------+-----+--------+
         Total |   3521 |   3465 |     56 |    319 |   2669 |   5 |  704.2 |
       Dungeon |   3504 |   3448 |     56 |    319 |   2666 |   4 |  876.0 |
         Abyss |     17 |     17 |      0 |      0 |      3 |   1 |   17.0 |
               +--------+--------+--------+--------+--------+-----+--------+

Top non-repeatable levels by time:
     D:2: 1991 daAuts
     D:3: 747 daAuts
     D:1: 739 daAuts
     D:5: 27 daAuts
 Abyss:1: 17 daAuts
